 Dungeon Crawl Stone Soup version 0.15-a0-1968-gb423ccb (webtiles) character file.

7053 Quh the Conjurer (level 10, -8/71 HPs)
             Began as a Demonspawn Wizard on July 9, 2014.
             Was an Elder of Vehumet.
             Mangled by a spiny frog (22 damage)
             ... on Level 2 of the Lair of Beasts on July 10, 2014.
             The game lasted 01:20:08 (16771 turns).

Quh the Conjurer (Demonspawn Wizard)               Turns: 16771, Time: 01:20:09

HP  -8/71        AC 15     Str  8      XL: 10   Next: 83%
MP   1/26        EV 11     Int 23      God: Vehumet [****..]
Gold 260         SH  0     Dex 11      Spells:  9 memorised,  5 levels left

rFire  . . .     SeeInvis +     m - +0 spear (venom)
rCold  . . .     Clarity  .     a - +0 robe
rNeg   . . .     rCorr    .     (no shield)
rPois  .         rRot     .     b - +0 hat
rElec  .         Spirit   .     D - +2 cloak
SustAb .         Warding  .     z - +1 pair of gloves
rMut   .         Stasis   .     t - +2 pair of boots
Gourm  .                        j - amulet of faith
MR     .....                    H - +2 ring of protection
                                K - ring of see invisible

@: repel missiles, not resistant to hostile enchantments, fairly stealthy
A: antennae 2, icy blue scales 2, demonic guardian 1, powered by death 1
a: Renounce Religion


You were on level 2 of the Lair of Beasts.
You worshipped Vehumet.
Vehumet was greatly pleased with you.
You were very hungry.

You visited 3 branches of the dungeon, and saw 12 of its levels.
You also visited: Sewer.

You collected 485 gold pieces.
You spent 225 gold pieces at shops.

Inventory:

Hand weapons
 m - a +0 spear of venom (weapon)
 x - a +0 spear of piercing
 E - a +2 quarterstaff of chaos
Missiles
 f - a stone (quivered)
 n - 24 arrows
Armour
 a - a +0 robe (worn)
 b - a +0 hat (worn)
 t - a +2 pair of boots (worn)
 z - a +1 pair of gloves (worn)
 D - a +2 cloak (worn)
Magical devices
 h - a wand of frost (8) {unknown}
 u - a wand of polymorph (0)
 v - a wand of confusion (0)
 I - a wand of hasting (5) {unknown}
 O - a wand of lightning (2) {unknown}
Comestibles
 d - 7 bread rations
 o - 4 slices of pizza
 r - 4 meat rations
Scrolls
 i - a scroll of identify
 w - 2 scrolls of blinking
 y - 4 scrolls of enchant armour {unknown}
 A - 5 scrolls of amnesia
 B - a scroll of fear
 C - 2 scrolls of remove curse
 F - 2 scrolls of magic mapping {unknown}
 L - a scroll of immolation {unknown}
 N - a scroll of torment {unknown}
 P - a scroll of holy word {unknown}
Jewellery
 j - an amulet of faith (around neck)
 s - an uncursed ring of sustain abilities
 H - a +2 ring of protection (right hand)
 K - a ring of see invisible (left hand)
Potions
 e - 3 potions of heal wounds
 g - a potion of resistance
 k - a potion of lignification
 l - 6 potions of haste
 p - a potion of brilliance
 q - 4 potions of curing
 J - 2 potions of agility {unknown}
 M - a potion of might {unknown}
Books
 c - a book of Minor Magic

   Spells                             Type                      Level
   *Magic Dart                        Conjuration                  1
   *Blink                             Translocation                2
   *Call Imp                          Summoning                    2
   *Repel Missiles                    Charms/Air                   2
   Slow                               Hexes                        2
   *Conjure Flame                     Conjuration/Fire             3
   *Mephitic Cloud                    Conjuration/Poison/Air       3


   Skills:
 - Level 3.8 Fighting
 - Level 1.7 Dodging
 - Level 4.5 Stealth
 * Level 8.1 Spellcasting
 - Level 8.2 Conjurations
 - Level 6.9 Charms
 - Level 2.0 Summonings
 - Level 3.4 Translocations
 - Level 3.3 Fire Magic
 - Level 3.8 Air Magic


You had 5 spell levels left.
You knew the following spells:

 Your Spells              Type           Power        Failure   Level  Hunger
a - Magic Dart            Conj           ####         1%          1    None
b - Blink                 Tloc           N/A          2%          2    None
c - Call Imp              Summ           ###.....     4%          2    None
d - Repel Missiles        Chrm/Air       ####..       1%          2    None
e - Mephitic Cloud        Conj/Pois/Air  ####....     1%          3    None
f - Conjure Flame         Conj/Fire      #####...     1%          3    None
g - Shock                 Conj/Air       ####         1%          1    None
h - Searing Ray           Conj           #####.       1%          2    None
i - Airstrike             Air            ####......   4%          4    ###....


Dungeon Overview and Level Annotations

Branches:
Dungeon (9/15)             Temple (1/1) D:5            Lair (2/8) D:9
    Orc: D:9-12

Altars:
Ashenzari
Cheibriados
Dithmenos
Elyvilon
Fedhas
Gozag
Kikubaaqudgha
Makhleb
Nemelex Xobeh
Okawaru
Qazlal
Sif Muna
Trog
Vehumet
Xom
Yredelemnul
Zin
The Shining One

Shops:
D:7 =

Annotations:
Lair:1 exclusion: item mimic


Innate Abilities, Weirdness & Mutations

You have a pair of antennae on your head.
You are mostly covered in icy blue scales (AC +3, EV -1).
A weak demonic guardian rushes to your aid.
You can steal the life force of nearby defeated enemies.


Message History

Your quasit closely misses the spiny frog.
Your quasit claws the spiny frog but does no damage.
You barely miss the spiny frog.
The spiny frog is almost dead.
The spiny frog stings you.
* * * LOW HITPOINT WARNING * * *
Your quasit bites the spiny frog.
Your quasit claws the spiny frog but does no damage. x2
All of the chunks of flesh in your inventory have rotted away.
Casting: Searing Ray
Confirm with . or Enter, or press ? or * to list all spells.
You don't have enough magic to cast that spell.
Unknown command.
You closely miss the spiny frog.
The spiny frog is almost dead.
Your quasit disappears in a puff of smoke!
The spiny frog stings you.
* * * LOW HITPOINT WARNING * * *
The spiny frog stings you!!
You die...

...........#.#.##
.................
#######.........
##..#.##..
########....#...
###.##P.##....#...
#...%.......##....
#.F.[.............
#@P.#####.........
##### #.........
#.)......
#......♣♣ .#....♣♣
# ...♣♣ ...♣ ...♣
.


You could see a spiny frog.

Vanquished Creatures
  A fire drake (Lair:1)
  8 blink frogs (Lair:1)
  A hippogriff (Lair:2)
  8 yaks
  2 water moccasins (Lair:2)
  2 ice beasts
  A porcupine (Lair:2)
  A necrophage (D:6)
  3 phantoms
  3 sky beasts
  4 centaurs
  5 crocodiles
  An ogre (D:7)
  11 giant frogs
  A gnoll sergeant (D:8)
  A troll zombie (D:4)
  5 killer bees (D:6)
  A scorpion (D:5)
  An electric eel (D:6)
  A goliath beetle (D:7)
  3 crimson imps
  A jelly (D:6)
  A giant frog skeleton (D:7)
  6 iguanas
  4 orc priests
  Crazy Yiuf (D:3)
  An iron imp (Lair:2)
  5 orc wizards
  A two-headed ogre skeleton (D:6)
  3 worker ants
  A hound zombie (D:7)
  2 worker ant zombies
  19 adders
  7 gnolls
  Natasha (twice) (D:3)
  18 green rats (Lair:2)
  2 giant mites (D:6)
  2 shadow imps
  2 worms
  6 giant geckos
  22 orcs
  4 giant cockroaches
  11 goblins
  11 hobgoblins
  12 jackals
  16 kobolds
  7 quokkas
  3 ball pythons
  18 bats
  3 giant newts
  A giant newt skeleton (D:5)
  A jackal zombie (D:3)
  A kobold zombie (D:6)
  An orc zombie (D:7)
  A quokka zombie (D:5)
  15 rats
275 creatures vanquished.

Vanquished Creatures (collateral kills)
  A blink frog (Lair:1)
  A centaur (D:8)
  A killer bee (D:6)
  A centaur skeleton (D:7)
  A worker ant (D:4)
  Natasha (D:3)
  An orc wizard (D:4)
  Ijyb (D:3)
  Terence (D:2)
  An adder (D:2)
  3 gnolls
  6 orcs
19 creatures vanquished.

Vanquished Creatures (others)
  9 crimson imps
  6 quasits
  3 iron imps
  2 shadow imps
  13 white imps
  10 ufetubi
  A fungus (Lair:2)
  3 plants (D:6)
47 creatures vanquished.

Grand Total: 341 creatures vanquished

Notes
Turn   | Place    | Note
--------------------------------------------------------------
     0 | D:1      | Quh, the Demonspawn Wizard, began the quest for the Orb.
     0 | D:1      | Reached XP level 1. HP: 13/13 MP: 4/4
   329 | D:1      | Gained mutation: You can steal the life force of nearby defeated enemies. [demonic ancestry]
   329 | D:1      | Reached XP level 2. HP: 16/19 MP: 1/6
   595 | D:1      | Learned a level 2 spell: Blink
   598 | D:1      | Learned a level 2 spell: Call Imp
   601 | D:1      | Learned a level 2 spell: Repel Missiles
  1333 | D:2      | Reached skill level 1 in Translocations
  1333 | D:2      | Gained mutation: You have a pair of small antennae on your head. [demonic ancestry]
  1333 | D:2      | Reached XP level 3. HP: 15/24 MP: 1/8
  2359 | D:2      | Reached XP level 4. HP: 30/30 MP: 7/9
  2545 | D:3      | Noticed Natasha
  2699 | D:3      | Noticed Terence
  3085 | D:2      | Killed Terence
  3693 | D:3      | Killed Natasha
  3693 | D:3      | Reached skill level 1 in Charms
  3693 | D:3      | Reached XP level 5. HP: 29/35 MP: 3/11
  3736 | D:3      | Noticed Natasha
  3738 | D:3      | Killed Natasha
  3752 | D:3      | Noticed Ijyb
  3812 | D:3      | Killed Ijyb
  3969 | D:4      | Noticed a phantom
  4011 | D:4      | Learned a level 3 spell: Mephitic Cloud
  4017 | D:4      | Found a shattered altar of Ashenzari.
  4163 | D:4      | Killed a phantom
  4190 | D:4      | Gained mutation: You have a pair of antennae on your head. [demonic ancestry]
  4190 | D:4      | Reached XP level 6. HP: 10/41 MP: 0/13
  4357 | D:4      | Reached skill level 4 in Conjurations
  5521 | D:4      | Upgraded the game from 0.15-a0-1950-gbc841a2 to 0.15-a0-1968-gb423ccb
  5553 | D:3      | Noticed Natasha
  5554 | D:3      | Killed Natasha
  6402 | D:3      | Noticed Crazy Yiuf
  6407 | D:3      | Reached XP level 7. HP: 40/46 MP: 3/15
  6458 | D:3      | Killed Crazy Yiuf
  7061 | D:5      | Entered Level 5 of the Dungeon
  7303 | D:5      | Found a glowing golden altar of the Shining One.
  7450 | D:5      | Learned a level 3 spell: Conjure Flame
  7459 | D:5      | Found a staircase to the Ecumenical Temple.
  7473 | D:5      | Reached skill level 1 in Air Magic
  7631 | Temple   | Entered the Ecumenical Temple
  7755 | Temple   | Became a worshipper of Vehumet
  7780 | Temple   | Gained mutation: You are weak. (Str -2) [potion of mutation]
  7780 | Temple   | Gained mutation: You tend to lose your temper in combat. [potion of mutation]
  7780 | Temple   | Gained mutation: You are very weak. (Str -4) [potion of mutation]
  7898 | D:5      | Reached skill level 5 in Conjurations
  7898 | D:5      | Reached skill level 1 in Fire Magic
  8168 | D:5      | Gained mutation: You are partially covered in icy blue scales (AC +1). [demonic ancestry]
  8168 | D:5      | Reached XP level 8. HP: 19/52 MP: 10/18
  9103 | D:6      | Found a glowing drain.
  9107 | Sewer    | Entered a sewer
  9452 | D:6      | Acquired Vehumet's first power
  9452 | D:6      | Offered knowledge of Shock by Vehumet.
  9455 | D:6      | Learned a level 1 spell: Shock
  9769 | D:6      | Reached skill level 6 in Conjurations
 10252 | D:6      | Reached skill level 5 in Charms
 10252 | D:6      | Gained mutation: A weak demonic guardian rushes to your aid. [demonic ancestry]
 10252 | D:6      | Reached XP level 9. HP: 57/57 MP: 6/20
 10766 | D:6      | Reached skill level 5 in Spellcasting
 11191 | D:7      | Offered knowledge of Searing Ray by Vehumet.
 11195 | D:7      | Learned a level 2 spell: Searing Ray
 11323 | D:7      | Found Roqus' Jewellery Boutique.
 11333 | D:7      | Bought an uncursed ring of see invisible for 225 gold pieces
 11353 | D:7      | Lost mutation: You tend to lose your temper in combat. [potion of cure mutation]
 11353 | D:7      | Lost mutation: You are very weak. (Str -4) [potion of cure mutation]
 11353 | D:7      | Lost mutation: You are weak. (Str -2) [potion of cure mutation]
 11669 | D:7      | Found a deep blue altar of Sif Muna.
 11764 | D:7      | Reached skill level 1 in Fighting
 12926 | D:8      | Offered knowledge of Inner Flame by Vehumet.
 13637 | D:8      | Acquired Vehumet's second power
 13988 | D:9      | Reached skill level 7 in Conjurations
 14085 | D:9      | Found a staircase to the Lair.
 14315 | Lair:1   | Entered Level 1 of the Lair of Beasts
 14499 | Lair:1   | Gained mutation: You are mostly covered in icy blue scales (AC +3, EV -1). [demonic ancestry]
 14499 | Lair:1   | Reached XP level 10. HP: 40/68 MP: 2/24
 14610 | Lair:1   | Offered knowledge of Airstrike by Vehumet.
 14616 | Lair:1   | Learned a level 4 spell: Airstrike
 14643 | Lair:1   | Noticed a fire drake
 14646 | Lair:1   | Killed a fire drake
 15018 | Lair:1   | Reached skill level 8 in Conjurations
 15612 | Lair:1   | Acquired Vehumet's third power
 15903 | Lair:2   | Offered knowledge of Lightning Bolt by Vehumet.
 16771 | Lair:2   | Mangled by a spiny frog

Action                   |  1- 3 |  4- 6 |  7- 9 | 10-12 || total
-------------------------+-------+-------+-------+-------++-------
Melee: Short sword       |    10 |       |       |       ||    10
       Unarmed           |     8 |       |       |       ||     8
       Spear             |    16 |    42 |   156 |    39 ||   253
Throw: Stone             |       |       |     2 |       ||     2
 Cast: Magic Dart        |    69 |   152 |   342 |    88 ||   651
       Call Imp          |     3 |    37 |     3 |       ||    43
       Blink             |       |     3 |     3 |     3 ||     9
       Repel Missiles    |       |     1 |       |       ||     1
       Mephitic Cloud    |       |     9 |    33 |    13 ||    55
       Conjure Flame     |       |       |    27 |     3 ||    30
       Shock             |       |       |    14 |    12 ||    26
       Searing Ray       |       |       |   117 |   105 ||   222
       Airstrike         |       |       |       |     6 ||     6
  Use: Scroll            |     3 |     4 |     9 |     2 ||    18
       Potion            |       |     1 |     3 |       ||     4
 Stab: Sleeping          |       |       |     1 |       ||     1
  Eat: Chunk             |     4 |    14 |    20 |     7 ||    45
       Fruit             |       |       |     2 |       ||     2
       Meat ration       |       |       |     1 |       ||     1
       Beef jerky        |       |       |     1 |       ||     1
